 Dungeon Crawl Stone Soup version 0.17.0-23-g0de4337 (webtiles) character file.

90 MDvedh the Firebug (level 4, -2/21 HPs)
             Began as a Vine Stalker Fire Elementalist on Nov 13, 2015.
             Killed by divine providence
             ... invoked by an orc priest
              (8 damage)
             ... on level 4 of the Dungeon.
             The game lasted 00:04:12 (2243 turns).

MDvedh the Firebug (Vine Stalker Fire Elementalist) Turns: 2243, Time: 00:04:12

Health: -2/21      AC:  7    Str: 11    XL:     4   Next: 56%
Magic:  0/8        EV: 12    Int: 16    God:
Gold:   124        SH:  0    Dex: 14    Spells: 2 memorised, 3 levels left

rFire  . . .     SeeInvis .     o - +2 rapier (protect)
rCold  . . .     Clarity  .     a - +0 robe
rNeg   . . .     SustAt   .     (no shield)
rPois  .         Gourm    .     (no helmet)
rElec  .         Spirit   +     (no cloak)
rCorr  .         Warding  .     (no gloves)
rMut   .         Rnd*Tele +     (no boots)
MR     .....                    (no amulet)
Stlth  ++........               (no ring)
                                l - ring of teleportation (curse)

@: not resistant to hostile enchantments, unstealthy
A: fangs 2, regeneration 1, magic shield, antimagic bite, no device heal 3, rot
immunity
a: Evoke Teleportation


You were on level 4 of the Dungeon.
You were not hungry.

You visited 1 branch of the dungeon, and saw 4 of its levels.

You collected 124 gold pieces.

Inventory:

Hand Weapons
 i - a +1 whip of electrocution
 o - a +2 rapier of protection (weapon)
Armour
 a - a +0 robe (worn)
Jewellery
 l - a cursed ring of teleportation (left hand)
Scrolls
 f - 4 scrolls of teleportation
 n - a scroll of amnesia {unknown}
 q - a scroll of enchant weapon {unknown}
 r - a scroll of identify {unknown}
Potions
 d - a potion of curing {unknown}
 e - a potion of agility {unknown}
 g - a potion of haste {unknown}
 h - a potion of heal wounds {unknown}
 m - a potion of might {unknown}
Books
 b - a book of Flames

   Spells                             Type                      Level
   a - Flame Tongue                   Conjuration/Fire             1
   b - Throw Flame                    Conjuration/Fire             2
   c - Conjure Flame                  Conjuration/Fire             3
   d - Inner Flame                    Hexes/Fire                   3
   e - Sticky Flame                   Conjuration/Fire             4
   f - Fireball                       Conjuration/Fire             5
Comestibles
 c - 2 bread rations
 j - a slice of pizza
 k - 6 fruits
 p - a meat ration


   Skills:
 - Level 1.5 Dodging
 - Level 2.4 Stealth
 * Level 2.2 Spellcasting
 + Level 3.2 Conjurations
 + Level 4.0 Fire Magic


You had 3 spell levels left.
You knew the following spells:

 Your Spells              Type           Power        Failure   Level  Hunger
a - Flame Tongue          Conj/Fire      ##...        6%          1    #......
b - Conjure Flame         Conj/Fire      ##......     14%         3    ###....


Dungeon Overview and Level Annotations

Branches:
Dungeon (4/15)
 Temple: D:4-7

Altars:


Innate Abilities, Weirdness & Mutations

You have extremely sharp teeth.
Your natural rate of healing is unusually fast.
When hurt, damage is shared between your health and your magic reserves.
Your bite disrupts and absorbs the magic of your enemies.
Potions and wands cannot restore your health.
You are immune to rotting.


Message History

An orc is nearby!
An orc is nearby!
An orc is nearby!
An orc priest comes into view. It is wielding a short sword.
The orc shouts!
An orc comes into view. It is wielding a hand axe.
Found a stone staircase leading up.
The orc hits you with a dagger.
You barely miss the orc. The orc hits you with a dagger.
You closely miss the orc.
The orc shouts!
Your bite misses the orc.
The orc priest invokes the aid of Beogh against you.
Something smites you!
Ouch! That really hurt!
* * * LOW HITPOINT WARNING * * *
The orc hits you but does no damage. The orc closely misses you.
The orc priest mumbles some strange prayers to Beogh against you.
Something smites you!
You die...

###.## ####
##....## ...#.
#......##
##...###<.....#
#...........#..#
..........###
##..$......##
#..........#
#......@...#
########o....<.
.#..... (#.....
o##.... o# ####
.# ..


You could see an orc priest and 2 orcs.

Vanquished Creatures
  2 adders
  3 giant geckos
  5 orcs (D:3)
  A ball python (D:3)
  8 bats
  4 giant cockroaches
  7 goblins
  10 hobgoblins
  5 giant newts
  2 jackals (D:1)
  5 kobolds
  8 rats
60 creatures vanquished.

Notes
Turn   | Place    | Note
--------------------------------------------------------------
     0 | D:1      | MDvedh the Vine Stalker Fire Elementalist began the quest for the Orb.
     0 | D:1      | Reached XP level 1. HP: 9/9 MP: 4/4
    95 | D:1      | Reached XP level 2. HP: 11/13 MP: 0/6
   647 | D:1      | Reached XP level 3. HP: 16/16 MP: 7/7
   738 | D:1      | Learned a level 3 spell: Conjure Flame
  1299 | D:2      | Reached XP level 4. HP: 14/21 MP: 8/8
  2174 | D:4      | Reached skill level 4 in Fire Magic
  2243 | D:4      | Killed from afar by an orc priest

Action                   |  1- 3 |  4- 6 || total
-------------------------+-------+-------++-------
Melee: Unarmed           |     4 |       ||     4
       Short sword       |    25 |       ||    25
       Whip              |    52 |    14 ||    66
       Rapier            |       |    20 ||    20
 Cast: Flame Tongue      |    26 |    12 ||    38
       Conjure Flame     |       |     1 ||     1
  Use: Scroll            |     1 |     2 ||     3
 Stab: Sleeping          |     4 |     3 ||     7
       Distracted        |     1 |       ||     1
  Eat: Chunk             |     2 |     3 ||     5
